 Dungeon Crawl Stone Soup version 0.25.0-46-gbd7b085 (webtiles) character file.

Game seed: 10046901926226793704

137 DarthPantaloons the Grave Robber (level 5, -4/42 HPs)
             Began as a Deep Dwarf Necromancer on July 17, 2020.
             Slain by a gnoll
             ... wielding a +0 spear
              (7 damage)
             ... on level 3 of the Dungeon.
             The game lasted 00:10:30 (2778 turns).

DarthPantaloons the Grave Robber (DDNe)             Turns: 2778, Time: 00:10:30

Health: -4/42      AC:  2    Str: 12    XL:     5   Next: 0%
Magic:  3/8        EV: 13    Int: 16    God:
Gold:   107        SH:  0    Dex: 13    Spells: 4/9 levels left

rFire    . . .     SeeInvis .   o - +2 dagger (flame)
rCold    . . .     Gourm    .   (no shield)
rNeg     . . .     Faith    .   a - +0 robe
rPois    .         Spirit   .   (no helmet)
rElec    .         Reflect  .   (no cloak)
rCorr    .         Harm     .   (no gloves)
MR       .....                  (no boots)
Stlth    ++........             (no amulet)
HPRegen  0.00/turn              (no ring)
MPRegen  0.11/turn              (no ring)

@: non-regenerating
A: damage resistance, heal wounds, sense surroundings 1, no regeneration
a: Heal Wounds


You were on level 3 of the Dungeon.
You were not hungry.

You visited 1 branch of the dungeon, and saw 3 of its levels.

You collected 107 gold pieces.

Inventory:

Hand Weapons
 b - a +0 dagger
 o - a +2 dagger of flaming (weapon)
Armour
 a - a +0 robe (worn)
Jewellery
 d - an uncursed ring of protection from magic {unknown}
 m - an uncursed ring of flight {unknown}
 q - an uncursed amulet of magic regeneration {unknown}
Scrolls
 e - a scroll of remove curse {unknown}
 g - a scroll of immolation {unknown}
 i - a scroll of magic mapping {unknown}
 j - a scroll of random uselessness {unknown}
 n - a scroll of fear {unknown}
 p - a scroll of enchant weapon {unknown}
 s - a scroll of identify {unknown}
Potions
 f - 2 potions of curing {unknown}
 h - 2 potions of haste {unknown}
 k - a potion of heal wounds {unknown}
 l - a potion of stabbing {unknown}
Comestibles
 c - 4 rations


   Skills:
 + Level 3.3 Dodging
 + Level 4.0 Stealth
 + Level 2.6 Spellcasting
 + Level 5.1 Necromancy


You had 4 spell levels left.
You knew the following spells:

 Your Spells              Type           Power        Failure   Level  Hunger
a - Pain                  Necr           ###.         2%          1    #......
b - Animate Skeleton      Necr           N/A          2%          1    #......
c - Vampiric Draining     Necr           ###.......   7%          3    ###....

Your spell library contained the following spells:

 Spells                   Type           Power        Failure   Level  Hunger
 Animate Dead             Necr           N/A          24%         4    #####..
 Agony                    Necr           ###.....     54%         5    ######.


Dungeon Overview and Level Annotations

Branches:
Dungeon (3/15)

Altars:
Cheibriados
Gozag
Nemelex Xobeh
Xom
Zin


Innate Abilities, Weirdness & Mutations

You are resistant to damage.
You can heal yourself by infusing magical energy.
You passively map a small area around you.
You do not regenerate.


Message History

Confirm with . or Enter, or press ? or * to list all spells.
You don't have enough magic to cast that spell.
You hit the gnoll. You burn the gnoll.
The gnoll is almost dead.
The gnoll completely misses you.
You hit the gnoll. You burn the gnoll.
You kill the gnoll!
Your Stealth skill increases to level 4!
You have reached level 5!
You start resting.
A gnoll comes into view. It is wielding a +0 spear.
Casting: Pain (safe; 2% risk of failure)
Confirm with . or Enter, or press ? or * to list all spells.
Aiming: Pain (safe; 2% risk of failure)
Press: ? - help, Shift-Dir - straight line, f - gnoll
Aim: a gnoll, wielding a +0 spear and quivering a throwing net (wandering, hasn't noticed you, chance to defeat MR: 84%)
The gnoll shouts!
The gnoll writhes in agony.
The gnoll hits you from afar with a +0 spear!
You die...

*
≈≈≈≈≈≈≈≈≈≈≈≈≈≈≈
* ≈
≈≈≈≈≈≈.≈≈≈≈≈≈≈.
≈≈≈.≈.≈≈≈.≈.≈..
≈
.≈..o≈g≈..≈≈.≈#
, , #.# *, , *
,,,,*<#)# * * *
, , #)# *, ,, ≈
* , , #g##### ,
, * , * #.)@).#
,, * ,,,
#####.# ,
####.#, ,, , ,
, #....#, * * *
, *
#.#...........
, , ,
#.#...........
, ,
#.#...........
, ,
#.#...........
*
#.#(..........


You could see a gnoll.

Vanquished Creatures
  An orc priest (D:3)
  2 gnolls (D:3)
  3 adders
  A worm (D:2)
  3 dart slugs
  2 leopard geckos
  3 orcs (D:3)
  4 bats
  3 giant cockroaches (D:2)
  9 goblins
  4 hobgoblins (D:1)
  2 jackals (D:2)
  5 kobolds
  2 frilled lizards
  4 rats (D:2)
48 creatures vanquished.

Vanquished Creatures (others)
  3 toadstools (D:3)
3 creatures vanquished.

Grand Total: 51 creatures vanquished

Notes
Turn   | Place    | Note
-------+----------+-------------------------------------------
     0 | D:1      | DarthPantaloons the Deep Dwarf Necromancer began the quest
                  | for the Orb.
     0 | D:1      | Reached XP level 1. HP: 15/15 MP: 3/3
     2 | D:1      | Learned a level 1 spell: Animate Skeleton
   270 | D:1      | Reached XP level 2. HP: 8/22 MP: 1/4
  1216 | D:2      | Reached XP level 3. HP: 11/28 MP: 0/6
  1227 | D:2      | Learned a level 3 spell: Vampiric Draining
  1422 | D:2      | Found a glowing silver altar of Zin.
  1422 | D:2      | Found an opulent altar of Gozag.
  1869 | D:2      | Found a sparkling altar of Nemelex Xobeh.
  2096 | D:2      | Reached XP level 4. HP: 14/36 MP: 3/7
  2321 | D:2      | Found a shimmering altar of Xom.
  2321 | D:2      | Found a snail-covered altar of Cheibriados.
  2646 | D:3      | Reached skill level 5 in Necromancy
  2743 | D:3      | Reached XP level 5. HP: 3/42 MP: 0/8
  2778 | D:3      | Slain by a gnoll

Illustrated notes

Levels and vault maps discovered:
D:1:      dpeg_arrival_morbid_curiosity, layout_rooms
D:2:      layout_basic, grunt_temple_overflow_gold_and_silver,
          nemelex_xobeh_ov_fountains_minmay, gammafunk_temple_overflow_statue
D:3:      layout_basic, gammafunk_ghost_abyssal_escape, serial_rivers,
          chequers_serial_rivers_small_a, chequers_serial_rivers_room_a,
          chequers_serial_rivers_micro_a, chequers_serial_rivers_micro_c,
          chequers_serial_rivers_micro_d, chequers_serial_rivers_large_a,
          minmay_gold_behind_fungi

Skill      XL: |  1  2  3  4 |
---------------+-------------+-----
Spellcasting   | 2 |  2.6
Stealth        | 3 4 |  4.0
Dodging        | 3 |  3.3
Necromancy     | 5 |  5.1

Action                   |  1- 3 |  4- 6 || total
-------------------------+-------+-------++-------
Melee: Unarmed           |    14 |       ||    14
       Dagger            |    12 |    16 ||    28
 Cast: Pain              |    58 |    25 ||    83
       Vampiric Draining |     3 |     2 ||     5
  Eat: Chunk             |     4 |     3 ||     7
Armor: Robe              |     5 |       ||     5
Dodge: Dodged            |    41 |     9 ||    50
